 Dungeon Crawl Stone Soup version 0.31-a0-1204-ge2c1a860ed (webtiles) character file.

Game seed: 16203425557856163769

661 BubbleThief the Conjurer (level 7, 0/50 HPs)
             Began as a Yellow Draconian Conjurer on Dec 12, 2023.
             Slain by Duvessa
             ... wielding a +1 short sword of freezing
              (7 damage)
             ... on level 4 of the Dungeon.
             The game lasted 00:07:31 (4331 turns).

BubbleThief the Conjurer (DrCj)                     Turns: 4331, Time: 00:07:32

Health: 0/50       AC:  8    Str: 10    XL:     7   Next: 30%
Magic:  5/13       EV: 12    Int: 20    God:
Gold:   159        SH:  0    Dex:  9    Spells: 12/15 levels left

rFire   . . .        p - +2 hand axe (elec)
rCold   . . .        (no shield)
rNeg    . . .        (body armour unavailable)
rPois   .            (helmet restricted)
rElec   .            h - scarf {+Inv}
rCorr   +            (no gloves)
SInv    .            s - +1 pair of boots
Will    .....        (no amulet)
Stlth   ++           l - ring of wizardry
HPRegen 0.28/turn    (no ring)
MPRegen 0.13/turn

%: wizardry (x1)
@: short of breath, slowed, very slow
A: spit acid, AC +6, unfitting armour, cold-blooded, acid resistance
a: Breathe Acid, Evoke Invisibility


You were on level 4 of the Dungeon.
You visited 1 branch of the dungeon, and saw 5 of its levels.

You collected 159 gold pieces.

Inventory:

Hand Weapons
 p - a +2 hand axe of electrocution (weapon)
Armour
 h - a scarf of invisibility (worn)
 s - a +1 pair of boots (worn)
Jewellery
 f - an amulet of faith
 l - a ring of wizardry (left hand)
Scrolls
 c - a scroll of revelation {unknown}
 e - 2 scrolls of fear {unknown}
 g - 4 scrolls of identify {unknown}
 i - a scroll of enchant weapon {unknown}
 k - a scroll of butterflies {unknown}
 m - 3 scrolls of teleportation {unknown}
 n - a scroll of blinking {unknown}
Potions
 a - 2 potions of magic
 b - 2 potions of heal wounds {unknown}
 d - 4 potions of curing {unknown}
 j - a potion of mutation {unknown}
 o - a potion of cancellation {unknown}
 q - a potion of enlightenment {unknown}
 r - a potion of attraction {unknown}
 t - a potion of resistance {unknown}


   Skills:
 - Level 1.7 Dodging
 - Level 1.7 Stealth
 + Level 4.6 Spellcasting
 * Level 7.7 Conjurations


You had 12 spell levels left.
You knew the following spells:

 Your Spells              Type           Power      Damage    Failure   Level
a - Magic Dart            Conj           100%       1d8       1%          1
b - Searing Ray           Conj           70%        2d7       1%          2

Your spell library contained the following spells:

 Spells                   Type           Power      Damage    Failure   Level
 Dazzling Flash           Conj/Hex       40%        N/A       3%          3
 Apportation              Tloc           8%         N/A       4%          1
 Necrotise                Necr           16%        1d4       4%          1
 Summon Small Mammal      Summ           16%        N/A       4%          1
 Fulminant Prism          Conj/Hex       10%        3d8       10%         4
 Iskenderun's Mystic Bla  Conj/Tloc      20%        2d6       10%         4


Dungeon Overview and Level Annotations

Branches:
Dungeon (5/15)
 Temple: D:4-7

Altars:
Cheibriados
Dithmenos
Ru
Trog
Zin

Annotations:
D:4 Duvessa


Innate Abilities, Weirdness & Mutations

You can spit globs of acid.
Your golden yellow scales are hard. (AC +6)
You cannot fit into any form of body armour.
You are cold-blooded and may be slowed by cold attacks.
You are resistant to acid. (rCorr)


Message History

You fail to use your ability.
Duvessa hits you with a +1 short sword of freezing.
You feel yourself slow down. Duvessa freezes you.
Duvessa hits you with a +1 short sword of freezing.
Duvessa freezes you.
Unknown command.
Unknown command.
Press: ? - help, Shift-Dir - straight line, f/p - Duvessa
Aim: Duvessa, wielding a +1 short sword of freezing and wearing a +0 chain mail (lightly wounded, berserk, 78% to hit)
You spit a glob of acid.
The glob of acid hits Duvessa!
The acid corrodes Duvessa!
Duvessa is moderately wounded.
Duvessa hits you with a +1 short sword of freezing.
* * * LOW HITPOINT WARNING * * *
Duvessa freezes you.
* * * LOW HITPOINT WARNING * * *
Duvessa hits you with a +1 short sword of freezing.
* * * LOW HITPOINT WARNING * * *
You feel as though you will be slow longer.
Duvessa freezes you.
* * * LOW HITPOINT WARNING * * *
Unknown command.
Unknown command.
Unknown command.
Okay, then.
Okay, then.
Casting: Searing Ray (safe; 1% risk of failure)
Confirm with . or Enter, or press ? or * to list all spells.
Aiming: Searing Ray (safe; 1% risk of failure)
Press: ? - help, Shift-Dir - straight line, f/p - Duvessa
Aim: Duvessa, wielding a +1 short sword of freezing and wearing a +0 chain mail (moderately wounded, berserk, covered in acid, 88% to hit)
The searing ray hits Duvessa!
Duvessa is heavily wounded. (Press . to maintain the ray.) Duvessa barely misses you.
Duvessa closely misses you.
Unknown command.
The searing ray hits Duvessa!
Duvessa is heavily wounded.
Duvessa hits you with a +1 short sword of freezing!
You die...

#..#.# ###'##.##.
#####...# #......##.
....###.###.....####
#......##.....#
#..._..########
#.#.....# . #.##..#.##
....###.###.#..#########
......e@........))).....
.#######.......#########
#........# #
#......#.### #
#......#...### #
#......###...# #
#......# ###.####
#......# #...##
#......#######.##


You could see Duvessa (berserk, corroded).

Vanquished Creatures
  2 yaks (D:5)
  A scorpion (D:5)
  Dowan (D:4)
  A howler monkey (D:2)
  A hound (D:4)
  An orc priest (D:3)
  An iguana (D:4)
  Robin (D:4)
  3 gnolls (D:4)
  2 adders
  A worm (D:2)
  A dart slug (D:1)
  8 orcs
  5 ball pythons
  2 endoplasms
  4 giant cockroaches
  11 goblins
  13 hobgoblins
  8 kobolds
  2 quokkas
  4 bats
  A frilled lizard (D:1)
  5 rats
79 creatures vanquished.

Notes
Turn   | Place    | Note
-------+----------+-------------------------------------------
     0 | D:1      | BubbleThief the Draconian Conjurer began the quest for the
                  | Orb.
     0 | D:1      | Reached XP level 1. HP: 14/14 MP: 3/3
   315 | D:1      | Reached XP level 2. HP: 20/20 MP: 1/5
  1130 | D:2      | Learned a level 2 spell: Searing Ray
  1203 | D:2      | Reached XP level 3. HP: 26/26 MP: 0/6
  1775 | D:2      | Reached skill level 5 in Conjurations
  1775 | D:2      | Reached XP level 4. HP: 33/33 MP: 1/8
  2173 | D:3      | Found a shadowy altar of Dithmenos.
  3009 | D:3      | Found a glowing silver altar of Zin.
  3009 | D:3      | Found a bloodstained altar of Trog.
  3009 | D:3      | Found a sacrificial altar of Ru.
  3163 | D:4      | Reached XP level 5. HP: 38/38 MP: 7/9
  3296 | D:4      | Noticed Robin
  3456 | D:4      | Reached skill level 6 in Conjurations
  3488 | D:4      | Found a snail-covered altar of Cheibriados.
  3645 | D:4      | Noticed Dowan
  3663 | D:4      | Killed Robin
  3748 | D:4      | Reached XP level 6. HP: 45/45 MP: 4/11
  4032 | D:5      | Entered Level 5 of the Dungeon
  4122 | D:5      | Noticed a yak
  4122 | D:5      | Noticed a yak
  4122 | D:5      | Noticed a yak
  4122 | D:5      | Noticed a yak
  4122 | D:5      | Noticed a yak
  4122 | D:5      | Noticed a yak
  4140 | D:5      | Killed a yak
  4141 | D:5      | Reached skill level 7 in Conjurations
  4141 | D:5      | Killed a yak
  4142 | D:5      | Your scales start taking on a golden yellow colour.
  4142 | D:5      | Reached XP level 7. HP: 17/50 MP: 1/13
  4142 | D:5      | Gained mutation: You are resistant to acid. (rCorr) [Yellow
                  | Draconian growth]
  4163 | D:4      | Killed Dowan
  4322 | D:4      | Noticed Duvessa
  4331 | D:4      | Slain by Duvessa

Illustrated notes

Levels and vault maps discovered:
D:1:      saegor_arrival_simple_c, layout_basic, minmay_tromino_v7
D:2:      layout_basic, kennysheep_nub, hangedman_decor_lopped, nrook_uturn,
          dreamdust_mushroom_princess
D:3:      layout_basic, nicolae_dithmenos_through_a_glass_darkly,
          gammafunk_temple_overflow_claw, serial_bayou_lagoon_b
D:4:      layout_basic, cheibriados_altar_1, uniq_duvessa, uniq_robin
D:5:      layout_loops_cross, minmay_temple_entry_enclosed_plants,
          grunt_decor_junction, uniq_prince_ribbit1

Skill      XL: |  1  2  3  4  5  6 |
---------------+-------------------+-----
Conjurations   | 5 6 7 |  7.7
Spellcasting   | 3 4 |  4.6
Dodging        | |  1.7
Stealth        | |  1.7

Action                     |  1- 3 |  4- 6 |  7- 9 || total
---------------------------+-------+-------+-------++-------
  Melee: Dagger            |       |     9 |       ||     9
         Hand axe          |       |    11 |     1 ||    12
         Tailslap          |       |     1 |       ||     1
   Cast: Magic Dart        |    57 |    55 |     3 ||   115
         Searing Ray       |     2 |    13 |     2 ||    17
Ability: Breathe Acid      |       |       |     2 ||     2
 Armour: Skin              |    10 |    32 |     8 ||    50
  Dodge: Dodged            |    13 |    21 |     3 ||    37

Table legend: (Time is in decaauts)
 A = Elapsed time spent in this place.
 B = Non-inter-level travel time spent in this place.
 C = Inter-level travel time spent in this place.
 D = Time resting spent in this place.
 E = Time spent auto-exploring this place.
 F = Levels seen in this place.
 G = Mean time per level.
                   A        B        C        D        E       F      G
               +--------+--------+--------+--------+--------+-----+--------+
         Total |   4349 |   4235 |    114 |     91 |   3560 |   5 |  869.8 |
       Dungeon |   4349 |   4235 |    114 |     91 |   3560 |   5 |  869.8 |
               +--------+--------+--------+--------+--------+-----+--------+

Top non-repeatable levels by time:
     D:3: 1236 daAuts
     D:4: 1056 daAuts
     D:2: 1005 daAuts
     D:1: 933 daAuts
     D:5: 117 daAuts
